 Dungeon Crawl Stone Soup version 0.31.0-11-ge490571c62 (webtiles) character file.

Game seed: 7727694230777273078

376 qw the Shooter (level 6, 0/30 HPs)
             Began as a Spriggan Hunter on Feb 4, 2024.
             Slain by an elf zombie (4 damage)
             ... in an ossuary.
             The game lasted 00:00:55 (2340 turns).

qw the Shooter (Spriggan Hunter)                    Turns: 2340, Time: 00:00:55

Health: 0/30       AC:  2    Str:  7      XL:     6   Next: 44%
Magic:  7/7        EV: 21    Int: 10 (11) God:
Gold:   131        SH:  0    Dex: 20      Spells: 5/5 levels left

rFire   . . .        a - +1 shortbow (flame)
rCold   . . .        (shield currently unavailable)
rNeg    . . .        c - +0 robe
rPois   .            (helmet restricted)
rElec   .            (no cloak)
rCorr   .            (gloves unavailable)
SInv    +            (boots unavailable)
Will    +....        (no amulet)
Stlth   ++           (no ring)
HPRegen 0.25/turn    (no ring)
MPRegen 0.10/turn

%: no passive effects
@: about to teleport, very quick
A: very small, no large weapons, unfitting armour, see invisible, speed 3
a: no special abilities


You were in an ossuary.
You visited 1 branch of the dungeon, and saw 4 of its levels.
You also visited: Ossuary.

You collected 131 gold pieces.


Innate Abilities, Weirdness & Mutations

You are very small and have problems with some larger weapons.
You are too small for most types of armour.
You have supernaturally acute eyesight. (SInv)
You cover ground extremely quickly. (Speed+++)


   Skills:
 - Level 2.0 Fighting
 + Level 6.3 Ranged Weapons
 - Level 6.1 Dodging
 - Level 1.5 Stealth


You had 5 spell levels left.
You didn't know any spells.
Your spell library was empty.

Inventory:

Hand Weapons
 a - a +1 shortbow of flaming (weapon)
Armour
 c - a +0 robe (worn)
Wands
 d - a wand of polymorph (6)
Scrolls
 f - 5 scrolls of teleportation
Potions
 e - a potion of heal wounds {unknown}
 h - 2 potions of curing

Dungeon Overview and Level Annotations

Branches:
Dungeon (4/15)            Ossuary (1/1)
 Temple: D:4-7

Altars:
Cheibriados
Dithmenos
Fedhas
Kikubaaqudgha
Uskayaw
Zin


Message History

The arrow burns the kobold zombie.
The kobold zombie is heavily damaged.
You shoot an arrow.
The arrow barely misses the kobold zombie.
A human zombie comes into view.
You shoot an arrow. The arrow hits the kobold zombie.
The arrow burns the kobold zombie.
You destroy the kobold zombie!
You shoot an arrow. The arrow hits the human zombie.
The arrow burns the human zombie.
The human zombie is lightly damaged.
An elf zombie comes into view.
You shoot an arrow. The arrow hits the human zombie.
The arrow burns the human zombie.
The human zombie is lightly damaged.
The human zombie hits you!
You shoot an arrow.
The arrow barely misses the human zombie.
The arrow hits the elf zombie.
The arrow burns the elf zombie.
The elf zombie is lightly damaged.
You shoot an arrow.
The arrow closely misses the elf zombie.
The human zombie closely misses you.
The elf zombie hits you but does no damage.
You shoot an arrow. The arrow hits the elf zombie.
The arrow burns the elf zombie.
The elf zombie is lightly damaged.
The human zombie hits you! The elf zombie hits you.
You shoot an arrow. The arrow hits the elf zombie!
The arrow burns the elf zombie.
The elf zombie is moderately damaged.
The human zombie hits you. The elf zombie hits you!
2339 ||| READING 6 scrolls of teleportation.
As you read the scroll of teleportation, it crumbles to dust.
You feel strangely unstable. The human zombie completely misses you.
You shoot an arrow.
The arrow closely misses the elf zombie.
The elf zombie hits you.
You die...

#..# #..##
#...####
#......#######
#.............
#.............
#......#######
#...'###Z..#
#..#'..@Z..#
#..#..####.#
#..#+.# #...+###
#......########..
#................
#........\..\....
#################


You could see an elf zombie and a human zombie.

Vanquished Creatures
  A bombardier beetle (D:3)
  3 centaur zombies (Ossuary)
  An orc priest (D:2)
  A human zombie (Ossuary)
  Ijyb (D:4)
  Terence (D:2)
  3 adders
  3 adder zombies (Ossuary)
  3 dart slugs
  2 ribbon worms (D:3)
  3 orcs (D:2)
  8 bats
  6 endoplasms
  3 giant cockroaches
  A gnoll zombie (Ossuary)
  7 goblins
  4 hobgoblins
  7 jackals
  3 quokkas
  6 ball pythons
  2 ball python zombies (Ossuary)
  8 frilled lizards
  A jackal zombie (Ossuary)
  8 kobolds
  4 kobold zombies (Ossuary)
  3 rats
93 creatures vanquished.

Notes
Turn   | Place    | Note
-------+----------+-------------------------------------------
     0 | D:1      | qw the Spriggan Hunter began the quest for the Orb.
     0 | D:1      | Reached XP level 1. HP: 10/10 MP: 2/2
     0 | D:1      | 0 ||| qw: Version: 0.3-a-160-g6735b56
     0 | D:1      | 0 ||| qw: Game counter: 6072
     0 | D:1      | 0 ||| qw: Melee chars always use a shield: true
     0 | D:1      | 0 ||| qw: God list: Okawaru
     0 | D:1      | 0 ||| qw: Allow faded altars: false
     0 | D:1      | 0 ||| qw: Do Orc after clearing Dungeon:15 true
     0 | D:1      | 0 ||| qw: Do second Lair branch before Depths: true
     0 | D:1      | 0 ||| qw: Lair rune preference: random
     0 | D:1      | 0 ||| qw: Goals: Normal
     0 | D:1      | 0 ||| PLANNING D:1-11
    24 | D:1      | Reached skill level 3 in Dodging
   100 | D:1      | Reached XP level 2. HP: 14/14 MP: 3/3
   472 | D:1      | 472 ||| READING scroll labelled QYCWEE VOUDWI.
   473 | D:1      | 473 ||| READING scroll labelled OFEVYMM HONEI.
   474 | D:1      | 474 ||| READING 3 scrolls labelled JEOMINO SELIEM.
   477 | D:1      | 477 ||| READING scroll labelled FYFRAN SAAMICU.
   478 | D:1      | 478 ||| DROPPING scroll of butterflies.
   556 | D:2      | Reached XP level 3. HP: 16/18 MP: 4/4
   692 | D:2      | 692 ||| FLEEEEING.
   693 | D:2      | 693 ||| FLEEEEING.
   694 | D:2      | 694 ||| FLEEEEING.
   724 | D:2      | Noticed Terence
   733 | D:2      | Killed Terence
   734 | D:2      | Reached XP level 4. HP: 22/22 MP: 5/5
   901 | D:2      | 901 ||| FLEEEEING.
  1198 | D:2      | 1198 ||| READING scroll labelled WEMAEH UBAO.
  1198 | D:2      | 1198 ||| BRANDING +0 shortbow.
  1199 | D:2      | 1199 ||| READING scroll labelled NOUSSUSCHUNK.
  1199 | D:2      | 1199 ||| IDENTIFYING black potion
  1200 | D:2      | 1200 ||| READING scroll labelled YMMATA QAMNYXIFE.
  1201 | D:2      | 1201 ||| DRINKING 2 blue potions.
  1202 | D:2      | 1202 ||| DRINKING 2 bubbling yellow potions.
  1203 | D:2      | 1203 ||| DROPPING potion of degeneration.
  1204 | D:2      | 1204 ||| DROPPING potion of attraction.
  1271 | D:3      | Found a blossoming altar of Fedhas.
  1302 | D:3      | Reached XP level 5. HP: 26/26 MP: 6/6
  1795 | D:3      | 1795 ||| READING 2 scrolls labelled JATO SOTINOIXATI.
  1896 | D:3      | 1896 ||| READING scroll labelled IPPOAL KIG.
  1896 | D:3      | 1896 ||| ENCHANTING +0 shortbow of flaming.
  1897 | D:3      | 1897 ||| DROPPING scroll of silence.
  1921 | D:4      | 1921 ||| PLANNING OSSUARY
  2025 | D:4      | Found a shadowy altar of Dithmenos.
  2025 | D:4      | Found a glowing silver altar of Zin.
  2033 | D:4      | Found a hide-covered altar of Uskayaw.
  2035 | D:4      | Found an ancient bone altar of Kikubaaqudgha.
  2037 | D:4      | Found a snail-covered altar of Cheibriados.
  2152 | D:4      | Noticed Ijyb
  2169 | D:4      | Killed Ijyb
  2170 | D:4      | Reached skill level 6 in Ranged Weapons
  2211 | D:4      | Found a sand-covered staircase.
  2212 | D:4      | 2212 ||| READING scroll labelled TYBLURR PYDANUN.
  2216 | Ossuary  | Entered an ossuary
  2238 | Ossuary  | Reached XP level 6. HP: 28/30 MP: 7/7
  2263 | Ossuary  | Reached skill level 6 in Dodging
  2338 | Ossuary  | HP: 4/30 [elf zombie (7)]
  2339 | Ossuary  | 2339 ||| READING 6 scrolls of teleportation.
  2340 | Ossuary  | Slain by an elf zombie

Levels and vault maps discovered:
D:1:      shiori_shiawase, layout_basic, chequers_serial_rivers_marsh
D:2:      layout_loops_ring, st_stairs_8, minmay_pentomino_w2, uniq_terence
D:3:      layout_rooms, fedhas_altar_2, serial_aquarium,
          aquarium_bridge_long_joined [aquarium_subvault_window,
          aquarium_subvault_wall, aquarium_subvault_bridge,
          aquarium_subvault_window, aquarium_subvault_window,
          aquarium_subvault_bridge], aquarium_bridge_square
          [aquarium_subvault_bridge, aquarium_subvault_bridge,
          aquarium_subvault_balcony, aquarium_subvault_bridge],
          aquarium_window_fake, aquarium_window_2, aquarium_window_3,
          aquarium_window_2, aquarium_view_2f
D:4:      layout_loops_cross, chequers_temple_overflow_minitemple,
          nicolae_ossuary_entry_plus, uniq_ijyb
Ossuary:  minmay_ossuary_two_tombs

Skill      XL: |  1  2  3  4  5  6 |
---------------+-------------------+-----
Dodging        | 3 4 5 6 |  6.1
Ranged Weapons | 5 6 |  6.3
Fighting       | 2 |  2.0
Stealth        | |  1.5

Action                     |  1- 3 |  4- 6 || total
---------------------------+-------+-------++-------
   Fire: Shortbow          |   106 |   191 ||   297
    Use: Scroll            |     4 |     7 ||    11
         Potion            |       |     2 ||     2
 Armour: Robe              |    19 |    31 ||    50
  Dodge: Dodged            |    57 |    88 ||   145

Table legend:
 A = Non-vault XP
 B = Vault XP
 C = Vault XP percentage of total XP
 D = Non-vault monster count
 E = Vault monster count
 F = Vault count percentage of total count
                 A         B        C        D         E       F
            +---------+---------+-------+---------+---------+-------
      Total |     257 |     281 |  52.2 |      72 |      21 |  22.6
            +---------+---------+-------+---------+---------+-------
        D:1 |      32 |       0 |   0.0 |      20 |       0 |   0.0
        D:2 |     115 |      41 |  26.3 |      31 |       5 |  13.9
        D:3 |      77 |       0 |   0.0 |      16 |       0 |   0.0
        D:4 |      33 |      36 |  52.2 |       5 |       1 |  16.7
    Ossuary |       0 |     204 | 100.0 |       0 |      15 | 100.0
            +---------+---------+-------+---------+---------+-------
